Map: Ruins of Seras

Players

Dixebra - Winner!

  • Race: Terran Terran
  • League: Bronze

lesha

  • Race: Terran Terran
  • League: Silver

VOD

Have the link to the VOD?

Description

Time

  • Played on: Jan. 1, 2016, 5:23 a.m.
  • Length: 5:07
Show
View Real Time Build Order
Export as new Build Order

Dixebra Terran - Winner!

Build Orders:  

Get SALT Encoding   

  12  0:02  SCV  
  13  0:15  SCV  
  14  0:26  Supply Depot  
  14  0:28  SCV  
  15  0:52  Barracks  
  15  0:57  SCV  
  15  0:59  Barracks  
  16  1:04  Barracks  
  16  1:11  SCV  
  18  1:25  SCV  
  18  1:27  Supply Depot  
  18  1:40  Marine  
  18  1:43  Orbital Command  
  19  1:51  Marine  
  19  1:52  Marine  
  21  1:59  Refinery  
  21  2:00  Marine  
  22  2:09  Marine  
  22  2:10  Marine  
  22  2:12  SCV  
  25  2:18  Marine  
  26  2:27  Marine  
  27  2:37  Marine x2  
  27  2:38  SCV  
  30  2:45  Marine  
  31  2:55  SCV  
  31  2:59  Supply Depot  
  31  3:20  Marine x3  
  34  3:38  Marine x2  
  36  3:41  Marine  
  37  3:48  Supply Depot  
  37  3:50  SCV  
  38  3:56  Marine  
  38  3:58  Refinery  
  39  4:10  Marine x2  
  39  4:13  Marine  
  42  4:28  Marine x2  
  44  4:31  Marine  
  44  4:45  Marine x2  
  44  4:49  Marine  
Show
View Real Time Build Order
Export as new Build Order

lesha Terran 

Build Orders:  

Get SALT Encoding   

  12  0:01  SCV  
  13  0:13  SCV  
  14  0:21  Supply Depot  
  14  0:25  SCV  
  15  0:43  SCV  
  15  0:44  Barracks  
  16  0:52  Refinery  
  16  0:55  SCV  
  17  1:07  SCV  
  18  1:19  SCV  
  19  1:31  Orbital Command  
  19  1:35  Reaper  
  20  1:59  SCV  
  21  2:08  Command Center  
  21  2:11  SCV  
  21  2:14  Barracks Reactor  
  22  2:15  Supply Depot  
  22  2:28  SCV  
  23  2:40  SCV  
  24  3:00  Factory  
  24  3:07  Barracks  
  24  3:08  Barracks  
  24  3:09  Refinery, Barracks  
  24  3:16  SCV  
  24  3:17  Supply Depot  
  25  3:22  Marine  
  25  3:23  Marine  
  27  3:28  SCV  
  28  3:42  SCV  
  28  3:46  Orbital Command  
  29  3:53  Starport  
  29  3:54  SCV  
  29  3:55  Barracks Tech Lab, Factory Reactor  
  30  3:56  Barracks Reactor  
  30  4:01  Barracks Reactor  
  30  4:06  Marine x2  
  32  4:14  SCV x2  
  33  4:17  Bunker  
  31  4:36  Marine x5  
  33  4:39  Hellion  
Tags
 
Add a new tag
Caveats
  • Supply blocks, unpowered buildings, or Contaminate may cause inaccurate times.
  • Supply counts are checked every 10 seconds.